 Dungeon Crawl Stone Soup version 0.22.1-2-g9c5b331383 (webtiles) character file.

7488 Ihlosi the Thaumaturge (level 11, 0/64 HPs)
             Began as a Kobold Ice Elementalist on Jan 5, 2019.
             Was a Priest of Sif Muna.
             Slain by a vampire (8 damage)
             ... on level 10 of the Dungeon.
             The game lasted 00:44:17 (14787 turns).

Ihlosi the Thaumaturge (Kobold Ice Elementalist)   Turns: 14787, Time: 00:44:19

Health: 0/64       AC:  9    Str:  9    XL:     11   Next: 38%
Magic:  4/32       EV: 19    Int: 22    God:    Sif Muna [***...]
Gold:   174        SH:  0    Dex: 16    Spells: 14/27 levels left

rFire    . . .     SeeInvis +   a - +3 short sword (freeze)
rCold    . . .     Gourm    .   (shield restricted)
rNeg     . . .     Faith    .   B - +0 robe
rPois    .         Spirit   .   y - +1 helmet {Int+3}
rElec    .         Reflect  .   t - +1 cloak
rCorr    .         Harm     .   I - +2 pair of gloves {Str+3}
MR       .....                  (no boots)
Stlth    ++++......             (no amulet)
HPRegen  0.20/turn              p - ring of magical power
MPRegen  0.23/turn              x - ring of see invisible

@: no status effects
A: small, carnivore
a: Divine Energy, Channel Magic, Renounce Religion


You were on level 10 of the Dungeon.
You worshipped Sif Muna.
Sif Muna was most pleased with you.
You were very full.

You visited 2 branches of the dungeon, and saw 11 of its levels.

You collected 493 gold pieces.
You spent 319 gold pieces at shops.

Inventory:

Hand Weapons
 a - a +3 short sword of freezing (weapon)
 b - a +1 rapier
 c - a +2 falchion of protection
 d - a +0 blowgun
 J - a +0 long sword
Missiles
 n - 33 poisoned needles
 u - 4 needles of confusion
 w - 2 throwing nets (quivered)
Armour
 i - a +2 helmet
 t - a +1 cloak (worn)
 y - a +1 helmet of intelligence (worn)
 B - a +0 robe (worn)
 F - a +4 plate armour
 G - a +0 buckler
 I - a +2 pair of gloves of strength (worn)
Magical Staves
 O - an uncursed staff of wizardry
Jewellery
 f - an uncursed ring of stealth
 m - a +3 ring of strength
 p - a ring of magical power (left hand)
 x - a ring of see invisible (right hand)
 C - an uncursed ring of flight
 E - an uncursed ring of protection from magic
 H - an uncursed ring of stealth
Wands
 M - a wand of iceblast (15)
Scrolls
 h - a scroll of fog
 k - 2 scrolls of teleportation
 o - 4 scrolls of remove curse
 r - a scroll of brand weapon
 v - 2 scrolls of amnesia
 D - a scroll of enchant weapon
 N - a scroll of blinking
Potions
 g - 2 potions of mutation
 j - a potion of ambrosia
 l - 4 potions of haste
 q - 3 potions of agility
 s - 3 potions of lignification
 z - a potion of berserk rage
 A - 3 potions of cancellation
 K - a potion of brilliance
 L - a potion of might
 P - 2 potions of resistance
 Q - 2 potions of magic
Comestibles
 e - 18 rations


   Skills:
 * Level 5.3 Fighting
 - Level 6.0 Short Blades
 - Level 1.0 Armour
 - Level 6.0 Dodging
 * Level 7.9 Stealth
 * Level 3.3 Shields
 * Level 8.6 Spellcasting
 * Level 4.6 Conjurations
 * Level 8.4 Ice Magic
 * Level 4.8 Evocations


You had 14 spell levels left.
You knew the following spells:

 Your Spells              Type           Power        Failure   Level  Hunger
a - Freeze                Ice            ####         1%          1    None
b - Throw Icicle          Conj/Ice       #####...     4%          4    ##.....
c - Summon Ice Beast      Ice/Summ       ####....     12%         4    ##.....
d - Sticky Flame          Conj/Fire      ###.....     26%         4    ##.....

Your spell library contained the following spells:

 Spells                   Type           Power        Failure   Level  Hunger
 Throw Frost              Conj/Ice       #####.       1%          2    None
 Flame Tongue             Conj/Fire      ###..        2%          1    None
 Ozocubu's Armour         Chrm/Ice       ####....     3%          3    None
 Throw Flame              Conj/Fire      ###...       4%          2    None
 Conjure Flame            Conj/Fire      ###.....     9%          3    None
 Inner Flame              Hex/Fire       #.......     22%         3    None
 Fireball                 Conj/Fire      ###.......   58%         5    #####..


Dungeon Overview and Level Annotations

Branches:
Dungeon (10/15)            Temple (1/1) D:5            Lair (0/6) D:8
    Orc: D:9-12

Altars:
Ashenzari
Cheibriados
Dithmenos
Elyvilon
Fedhas
Gozag
Hepliaklqana
Kikubaaqudgha
Makhleb
Nemelex Xobeh
Okawaru
Qazlal
Ru
Sif Muna
Trog
Uskayaw
Vehumet
Wu Jian
Xom
Yredelemnul
Zin
The Shining One

Shops:
D:8 [   D:9 ?*!*

Annotations:
D:4 unfinished
D:10 2 runed doors


Innate Abilities, Weirdness & Mutations

You are small and have problems with some larger weapons.
You are carnivorous and can eat meat at any time.


Message History

The vampire draws strength from your injuries!
You hit the vampire but do no damage.
The vampire is moderately damaged.
The vampire burns!
The vampire stops burning.
The vampire hits you. The vampire bites you.
The vampire draws strength from your injuries!
You hit the vampire but do no damage.
The vampire is moderately damaged.
Casting: Sticky Flame (slightly dangerous; 26% risk of failure)
Confirm with . or Enter, or press ? or * to list all spells.
Aiming: Sticky Flame (slightly dangerous; 26% risk of failure)
Press: ? - help, Shift-Dir - straight line, f/p - vampire
Aim: a vampire (moderately damaged, slightly transparent)
The sticky flame hits the vampire.
The vampire is moderately damaged.
The vampire is covered in liquid flames!
The vampire burns!
The vampire hits you!
* * * LOW HITPOINT WARNING * * *
The vampire bites you!
You die...

#++####....#
#..........#
#.....%....#
#........#
#........#
#†###.####
#.# .# #V#
.. #@# ###
#.####
#....#
####.# #.#
#.#
#.##########
#..........#
##########.#


You could see a vampire (burning).

Vanquished Creatures
  A hippogriff (D:8)
  A wyvern (D:8)
  18 yaks
  A hungry ghost (D:9)
  3 porcupines
  3 sky beasts
  4 ice beasts
  3 phantoms
  3 orc warriors
  5 black bears
  3 ogres
  A crocodile (D:9)
  A centaur (D:7)
  4 bullfrogs
  A scorpion (D:8)
  6 killer bees (D:9)
  3 wights
  2 howler monkeys
  An electric eel (D:6)
  3 crimson imps
  A jelly (D:5)
  4 orc priests
  5 hounds
  5 orc wizards
  2 bullfrog skeletons
  Crazy Yiuf (D:3)
  Jessica (D:3)
  6 iguanas
  4 worker ants
  A killer bee zombie (D:7)
  2 hound skeletons
  A howler monkey zombie (D:7)
  2 worker ant zombies
  Robin (D:2)
  7 gnolls
  8 adders
  6 river rats (D:7)
  2 shadow imps
  An ooze (D:3)
  An adder skeleton (D:9)
  An adder zombie (D:5)
  6 leopard geckos
  21 orcs
  3 bats
  8 giant cockroaches
  8 hobgoblins
  8 jackals
  5 quokkas
  3 ball pythons
  2 frilled lizards (D:5)
  16 goblins
  9 kobolds
  A quokka zombie (D:5)
  21 rats
240 creatures vanquished.

Vanquished Creatures (others)
  18 fungi (D:8)
18 creatures vanquished.

Grand Total: 258 creatures vanquished

Notes
Turn   | Place    | Note
-------+----------+-------------------------------------------
     0 | D:1      | Ihlosi the Kobold Ice Elementalist began the quest for the
                  | Orb.
     0 | D:1      | Reached XP level 1. HP: 10/10 MP: 3/3
   260 | D:1      | Reached XP level 2. HP: 14/15 MP: 5/5
   913 | D:1      | Reached XP level 3. HP: 20/20 MP: 6/6
  1976 | D:2      | Reached XP level 4. HP: 24/24 MP: 8/8
  2125 | D:2      | Reached skill level 1 in Fighting
  2206 | D:2      | Noticed Robin
  2225 | D:2      | Killed Robin
  2364 | D:2      | Reached XP level 5. HP: 29/29 MP: 9/9
  2471 | D:2      | Learned a level 4 spell: Throw Icicle
  2476 | D:2      | Learned a level 4 spell: Summon Ice Beast
  3071 | D:3      | Reached skill level 1 in Armour
  3176 | D:3      | Found a shattered altar of Ashenzari.
  3264 | D:3      | Noticed Jessica
  3308 | D:3      | Killed Jessica
  3308 | D:3      | Reached XP level 6. HP: 33/34 MP: 11/11
  3578 | D:3      | Found a runed door.
  3582 | D:3      | Noticed Crazy Yiuf
  3624 | D:3      | Killed Crazy Yiuf
  4569 | D:4      | Noticed an ogre
  4770 | D:4      | Reached XP level 7. HP: 39/39 MP: 13/13
  5085 | D:4      | Reached skill level 5 in Ice Magic
  5327 | D:5      | Entered Level 5 of the Dungeon
  6898 | D:6      | Found an opulent altar of Gozag.
  6906 | D:6      | Reached skill level 5 in Spellcasting
  6907 | D:6      | Reached XP level 8. HP: 45/45 MP: 15/15
  7019 | D:6      | Reached skill level 1 in Short Blades
  7305 | D:4      | Reached skill level 1 in Evocations
  7972 | D:5      | Found a staircase to the Ecumenical Temple.
  8012 | Temple   | Entered the Ecumenical Temple
  8177 | Temple   | Became a worshipper of Sif Muna the Loreminder
  8279 | D:6      | Reached skill level 5 in Stealth
  8339 | D:7      | Reached skill level 1 in Shields
  8535 | D:7      | Reached XP level 9. HP: 51/51 MP: 17/17
  9636 | D:7      | Reached * piety under Sif Muna
 10113 | D:8      | Found a snail-covered altar of Cheibriados.
 10186 | D:8      | Found a staircase to the Lair.
 10337 | D:8      | Reached skill level 5 in Dodging
 10548 | D:8      | Reached XP level 10. HP: 52/56 MP: 6/20
 11573 | D:8      | Reached ** piety under Sif Muna
 11880 | D:8      | Learned a level 4 spell: Sticky Flame
 11979 | D:8      | Found Ushritt's Antique Armour Emporium.
 12434 | D:8      | Reached skill level 5 in Short Blades
 13286 | D:9      | Found Kyttut's General Store.
 13308 | D:9      | Reached XP level 11. HP: 40/62 MP: 14/23
 13416 | D:9      | Found Epniryaz's Magic Scroll Emporium.
 13416 | D:9      | Found Qurghiefi's Assorted Antiques.
 13416 | D:9      | Found Tevioroli's Distillery.
 13493 | D:9      | Reached skill level 5 in Fighting
 13947 | D:9      | Reached *** piety under Sif Muna
 13992 | D:9      | Bought 2 blue potions for 39 gold pieces
 14402 | D:9      | Found Saic's Magic Scroll Emporium.
 14410 | D:9      | Bought a scroll of brand weapon for 280 gold pieces
 14651 | D:10     | Entered Level 10 of the Dungeon
 14760 | D:10     | Found a large runed door.
 14762 | D:10     | Found a large runed door.
 14787 | D:10     | Slain by a vampire

Skill      XL: |  1  2  3  4  5  6  7  8  9 10 11 |
---------------+----------------------------------+-----
Stealth        | 3 4 5 6 7 |  7.9
Fighting       | 1 2 3 4 5 |  5.3
Spellcasting   | 3 4 5 6 8 |  8.6
Ice Magic      | 4 5 6 7 8 |  8.4
Dodging        | 3 4 5 6 |  6.0
Armour         | 1 |  1.0
Conjurations   | 2 3 4 |  4.6
Short Blades   | 2 4 5 6 |  6.0
Evocations     | 1 3 4 |  4.8
Shields        | 1 2 3 |  3.3

Action                   |  1- 3 |  4- 6 |  7- 9 | 10-12 || total
-------------------------+-------+-------+-------+-------++-------
Melee: Unarmed           |    10 |       |     8 |       ||    18
       Short sword       |       |     1 |       |   116 ||   117
       Whip              |       |     1 |    17 |       ||    18
       Rapier            |       |       |   145 |    25 ||   170
 Cast: Freeze            |    61 |   106 |   121 |    76 ||   364
       Throw Icicle      |       |     5 |    46 |    98 ||   149
       Summon Ice Beast  |       |       |     3 |       ||     3
       Sticky Flame      |       |       |       |     9 ||     9
  Use: Scroll            |     6 |     4 |     9 |     4 ||    23
       Potion            |       |     2 |     2 |     3 ||     7
 Stab: Sleeping          |     2 |     1 |    17 |     4 ||    24
  Eat: Chunk             |    11 |    11 |    27 |    28 ||    77
       Ration            |       |       |       |     1 ||     1
Armor: Robe              |     5 |    18 |    61 |    50 ||   134
       Skin              |       |       |       |     4 ||     4
Dodge: Dodged            |    44 |    64 |   235 |   196 ||   539
